 Dungeon Crawl Stone Soup version 0.17.1-1-g73c8601 (webtiles) character file.

84 fredomojojo the Cudgeler (level 4, 0/45 HPs)
             Began as an Ogre Gladiator on Dec 22, 2015.
             Was an Initiate of Trog.
             Slain by a phantom (2 damage)
             ... on level 3 of the Dungeon.
             The game lasted 00:17:02 (2055 turns).

fredomojojo the Cudgeler (Ogre Gladiator)           Turns: 2055, Time: 00:17:02

Health: 0/45       AC:  3    Str: 21    XL:     4   Next: 45%
Magic:  4/4        EV: 10    Int: 12    God:    Trog [......]
Gold:   105        SH:  0    Dex: 10    Spells: 0 memorised, 3 levels left

rFire  + . .     SeeInvis .     a - +0 flail
rCold  . . .     Clarity  .     b - +0 robe
rNeg   . . .     SustAt   .     (no shield)
rPois  .         Gourm    .     c - +0 hat
rElec  .         Spirit   .     (no cloak)
rCorr  .         Warding  .     (gloves unavailable)
rMut   .         Stasis   .     (boots unavailable)
MR     .....                    (no amulet)
Stlth  +.........               w - ring of protection from fire
                                (no ring)

@: brilliant, not resistant to hostile enchantments, very unstealthy
A: unfitting armour, tough skin 1
a: Burn Spellbooks, Renounce Religion


You were on level 3 of the Dungeon.
You worshipped Trog.
Trog was noncommittal.
You were not hungry.

You visited 1 branch of the dungeon, and saw 3 of its levels.

You collected 105 gold pieces.

Inventory:

Hand Weapons
 a - a +0 flail (weapon)
 v - a +2 hunting sling of flaming
Missiles
 d - 3 throwing nets
 u - a javelin (quivered)
Armour
 b - a +0 robe (worn)
 c - a +0 hat (worn)
Jewellery
 w - a ring of protection from fire (right hand)
Scrolls
 f - 3 scrolls of remove curse {unknown}
 j - a scroll of random uselessness {unknown}
 k - a scroll of enchant weapon {unknown}
 l - 2 scrolls of identify {unknown}
 n - a scroll of magic mapping {unknown}
 o - a scroll of enchant armour {unknown}
Potions
 g - a potion of brilliance
 m - a potion of lignification {unknown}
 q - a potion of invisibility {unknown}
 r - a potion of agility {unknown}
 s - a potion of ambrosia {unknown}
Comestibles
 e - 2 bread rations
 h - a slice of pizza
 i - a beef jerky
 t - 2 chunks of flesh


   Skills:
 + Level 3.4 Fighting
 + Level 5.0 Maces & Flails
 + Level 2.3 Throwing
 + Level 3.4 Dodging
 + Level 0.6 Stealth


You had 3 spell levels left.
You didn't know any spells.

Dungeon Overview and Level Annotations

Branches:
Dungeon (3/15)

Altars:
Trog
Yredelemnul


Innate Abilities, Weirdness & Mutations

You are too large for most types of armour.
You have tough skin (AC +1).


Message History

Throwing (i - inventory. (,) - cycle):
u - 3 javelins (quivered)
Press: ? - help, Shift-Dir - straight line, f - phantom
Aim: a phantom (heavily damaged)
You throw a javelin. The javelin closely misses the phantom.
The phantom blinks!
Throwing (i - inventory. (,) - cycle):
u - 2 javelins (quivered)
Press: ? - help, Shift-Dir - straight line, f/p - phantom
Aim: a phantom (heavily damaged)
You throw a javelin. The javelin hits the phantom!
The phantom is severely damaged.
The phantom hits you!
* * * LOW HITPOINT WARNING * * *
You barely miss the phantom.
The phantom is severely damaged.
The phantom hits you!
* * * LOW HITPOINT WARNING * * *
You completely miss the phantom.
The phantom is severely damaged.
The phantom hits you.
You die...

#.....# #.#.###.#..# ..
###.....########.#..##....#
.
..........................#
....#.##########.#####....#
....#..... #####.#####....#
....#..... +...............
....#......#####.####.#.
....#..#...##.......#
###.#..#.#.##.##@##.#
#.#..#..... #..W..#
###......... #.###ยง#
.........#. ... ..
.........# #.#. .#
........(.....#. #
.#...#.#..... #.
##...#.###### #. ##...#.#


You could see a phantom.

Vanquished Creatures
  3 adders
  4 worms
  An orc (D:3)
  4 hobgoblins
  4 jackals
  A quokka (D:2)
  2 ball pythons (D:2)
  8 bats
  A giant cockroach (D:1)
  2 giant newts
  5 goblins
  7 kobolds
  12 rats
54 creatures vanquished.

Notes
Turn   | Place    | Note
--------------------------------------------------------------
     0 | D:1      | fredomojojo the Ogre Gladiator began the quest for the Orb.
     0 | D:1      | Reached XP level 1. HP: 22/22 MP: 1/1
   181 | D:1      | Reached XP level 2. HP: 26/29 MP: 2/2
   625 | D:2      | Reached XP level 3. HP: 33/36 MP: 3/3
   858 | D:2      | Found a basalt altar of Yredelemnul.
  1498 | D:3      | Noticed a moth of wrath
  1501 | D:3      | Found a bloodstained altar of Trog.
  1541 | D:3      | Reached XP level 4. HP: 36/45 MP: 4/4
  1546 | D:3      | Became a worshipper of Trog the Wrathful
  1654 | D:3      | Reached skill level 5 in Maces & Flails
  2040 | D:3      | Noticed a phantom
  2054 | D:3      | HP: 2/45 [phantom (8)]
  2055 | D:3      | Slain by a phantom

Action                   |  1- 3 |  4- 6 || total
-------------------------+-------+-------++-------
Melee: Flail             |   104 |    40 ||   144
Throw: Throwing net      |     3 |     2 ||     5
       Javelin           |       |     2 ||     2
Invok: Burn Spellbooks   |       |     1 ||     1
  Use: Potion            |       |     1 ||     1
 Stab: Sleeping          |     1 |       ||     1
  Eat: Chunk             |     2 |       ||     2
       Bread ration      |       |     1 ||     1
